 Dungeon Crawl Stone Soup version 0.26-a0-663-g36e8fdb655 (webtiles) character file.

Game seed: 14952983577000835574

32880 aardvark the Frost Mage (level 13, -9/113 HPs)
             Began as a Ghoul Ice Elementalist on Oct 11, 2020.
             Was a Priest of Wu Jian.
             Mangled by a polar bear (16 damage)
             ... on level 5 of the Lair of Beasts.
             The game lasted 01:17:29 (25198 turns).

aardvark the Frost Mage (Ghoul Ice Elementalist)   Turns: 25198, Time: 01:17:29

Health: -9/113     AC: 12    Str: 16    XL:     13   Next: 67%
Magic:  11/23      EV: 12    Int: 11    God:    Wu Jian [***...]
Gold:   903        SH: 12    Dex:  9    Spells: 4/15 levels left

rFire    . . .     SeeInvis +     - Unarmed
rCold    + . .     Faith    .   O - +2 buckler
rNeg     + + +     Spirit   .   F - +0 acid dragon scales
rPois    ∞         Reflect  +   Q - +0 helmet
rElec    .         Harm     .   N - +0 cloak
rCorr    +         Rampage  .   H - +0 pair of gloves
MR       .....                  C - +0 pair of boots
Stlth    +.........             h - amulet of reflection
HPRegen  0.00/turn              i - ring of see invisible
MPRegen  0.18/turn              r - ring of magical power

@: frozen ramparts
A: rotting body, claws 1, cold resistance 1, negative energy resistance 3,
inhibited regeneration, torment resistance, unbreathing
a: Wall Jump, Serpent's Lash, Renounce Religion


You were on level 5 of the Lair of Beasts.
You worshipped Wu Jian.
Wu Jian was most pleased with you.
You visited 2 branches of the dungeon, and saw 17 of its levels.
You also visited: Gauntlet.

You collected 915 gold pieces.
You spent 12 gold pieces at shops.

Inventory:

Hand Weapons
 b - a +4 scimitar of flaming
Missiles
 c - 64 poisoned darts (quivered)
 q - 7 curare-tipped darts
 I - 2 boomerangs
Armour
 t - a +0 kite shield
 C - a +0 pair of boots (worn)
 F - +0 acid dragon scales (worn)
 H - a +0 pair of gloves (worn)
 N - a +0 cloak (worn)
 O - a +2 buckler (worn)
 Q - a +0 helmet (worn)
Jewellery
 h - an amulet of reflection (around neck)
 i - a ring of see invisible (left hand)
 r - a ring of magical power (right hand)
 B - an uncursed ring of stealth
 L - an uncursed ring of magical power
 P - a cursed -4 ring of evasion {unknown}
Wands
 m - a wand of polymorph (8)
 o - a wand of paralysis (38)
 y - a wand of acid (9)
 D - a wand of random effects (64)
 K - a wand of flame (11)
Scrolls
 a - 3 scrolls of magic mapping
 d - 3 scrolls of enchant weapon
 g - 9 scrolls of teleportation
 j - 4 scrolls of remove curse
 n - 2 scrolls of blinking
 v - 4 scrolls of amnesia
 z - 3 scrolls of fog
 G - 3 scrolls of identify
 J - a scroll of brand weapon {unknown}
 M - a scroll of enchant armour {unknown}
Potions
 e - 3 potions of brilliance
 f - a potion of magic
 k - 2 potions of heal wounds
 l - 2 potions of stabbing
 p - a potion of invisibility
 s - 6 potions of curing
 u - 2 potions of ambrosia
 w - 3 potions of flight
 x - a potion of might {unknown}
 E - 2 potions of cancellation
Miscellaneous
 A - a lightning rod (4/4)


   Skills:
 + Level 9.8 Fighting
 - Level 4.7 Armour
 - Level 2.4 Dodging
 - Level 2.4 Stealth
 + Level 7.4 Shields
 + Level 11.4 Unarmed Combat
 - Level 1.9 Spellcasting
 + Level 8.2 Summonings
 + Level 14.1 Ice Magic


You had 4 spell levels left.
You knew the following spells:

 Your Spells              Type           Power        Failure   Level
a - Freeze                Ice            ####         1%          1
b - Frozen Ramparts       Ice            ####..       1%          3
c - Ozocubu's Armour      Ice            ####....     1%          3
d - Summon Ice Beast      Ice/Summ       ####....     4%          4

Your spell library contained the following spells:

 Spells                   Type           Power        Failure   Level
 Summon Small Mammal      Summ           ###.         1%          1
 Call Imp                 Summ           ###.....     1%          2
 Call Canine Familiar     Summ           ###.....     4%          3
 Summon Guardian Golem    Hex/Summ       ##......     22%         3
 Hailstorm                Conj/Ice       ###.....     22%         4
 Summon Lightning Spire   Summ/Air       ##......     56%         4
 Confusing Touch          Hex            #.......     75%         3
 Gell's Gravitas          Tloc           #.........   75%         3
 Petrify                  Tmut/Erth      #.......     98%         4
 Metabolic Englaciation   Hex/Ice        ###.......   52%         5
 Yara's Violent Unravell  Hex/Tmut       #.........   100%        5


Dungeon Overview and Level Annotations

Branches:
Dungeon (11/15)            Temple (0/1) D:5            Lair (6/6) D:8
  Swamp (0/4) Lair:3       Spider (0/4) Lair:4        Slime (0/5) Lair:5
Gauntlet (visited)
    Orc: D:9-12

Altars:
Ashenzari
Dithmenos
Fedhas
Gozag
Hepliaklqana
Kikubaaqudgha
Makhleb
Okawaru
Trog
Uskayaw
Vehumet
Wu Jian
Xom
Yredelemnul
The Shining One

Shops:
D:5 *   D:6 !   D:7 (   D:8 (

Annotations:
D:7 1 exclusion, Maggie
D:10 Fannar
D:11 Grum
Lair:1 1 runed translucent door


Innate Abilities, Weirdness & Mutations

Your body is rotting away.
You thrive by killing the living.
You are immune to poison.
You have sharp fingernails.
Your flesh is cold resistant. (rC+)
You are immune to negative energy. (rN+++)
You do not regenerate when monsters are visible.
You are immune to unholy pain and torment.
You can survive without breathing.


Message History

The polar bear resists.
The wall freezes the polar bear.
You block the polar bear's attack. The polar bear closely misses you.
You block the polar bear's attack.
The wall freezes the eight-headed hydra!
The eight-headed hydra bites you.
* * * LOW HITPOINT WARNING * * *
The eight-headed hydra bites you.
* * * LOW HITPOINT WARNING * * *
The eight-headed hydra bites you but does no damage. x2
The eight-headed hydra bites you!
* * * LOW HITPOINT WARNING * * *
The eight-headed hydra bites you.
* * * LOW HITPOINT WARNING * * *
The eight-headed hydra bites you but does no damage.
The eight-headed hydra bites you.
* * * LOW HITPOINT WARNING * * *
Your ice beast hits the polar bear but does no damage.
The polar bear resists.
The wall freezes the polar bear.
The polar bear bites you!
You die...

#.......................# #.####
#.......................##### #.
#..............(.........#..###.
##..............................
#..............................
###..............................
#................................
###.....................<........
##.............@................
#.............#DhY....P..#.##.P.
##P..........##.#..........#.#..
#P..............>...............
##P..........................P..
#...........................P.P.
##P.........................P...#
#................................
##................)..............


You could see an eight-headed hydra, a polar bear (berserk) and a friendly ice
beast (summoned).

Vanquished Creatures
  Harold (D:10)
  4 hydras
  2 catoblepae (Lair:3)
  3 black mambas
  A torpor snail (Lair:4)
  2 rime drakes
  10 cane toads
  11 komodo dragons
  An efreet (D:8)
  4 trolls
  A polar bear (Lair:4)
  10 dream sheep
  6 blink frogs
  A wraith (D:9)
  A redback (Lair:4)
  2 wyverns
  27 yaks
  4 basilisks
  A hog (Lair:4)
  An acid dragon (D:8)
  9 water moccasins
  An ice beast (D:10)
  3 orc warriors
  2 necrophages
  4 ogres
  6 wolves
  4 big kobolds (D:9)
  15 bullfrogs
  4 scorpions
  6 killer bees
  4 wights (D:8)
  A centaur zombie (D:6)
  3 jellies
  5 hounds
  2 orc priests
  A centaur skeleton (D:6)
  2 gnoll shamans
  8 orc wizards
  An iguana (D:9)
  11 worker ants
  A hound zombie (D:6)
  2 hound skeletons (D:10)
  A howler monkey zombie (D:7)
  A worker ant zombie (D:6)
  13 gnolls
  9 adders
  A shadow imp (D:5)
  2 white imps (D:9)
  4 ufetubi
  3 oozes
  An adder skeleton (D:7)
  4 dart slugs
  7 leopard geckos
  35 orcs
  10 bats
  6 giant cockroaches
  6 goblins
  5 hobgoblins
  13 kobolds
  5 quokkas
  2 ball pythons
  10 frilled lizards
  A quokka zombie (D:6)
  3 rats
330 creatures vanquished.

Vanquished Creatures (collateral kills)
  5 hydras
  A cane toad (Lair:4)
  3 komodo dragons
  4 blink frogs
  4 hogs (Lair:4)
  A wyvern (Lair:4)
  A nameless horror (Lair:3)
  6 yaks
  A wraith (D:10)
  A water moccasin (Lair:4)
  An orc warrior (D:10)
  A necrophage (D:10)
  A howler monkey (D:10)
  An orc wizard (D:10)
  4 orcs (D:10)
35 creatures vanquished.

Vanquished Creatures (others)
  Kirke (Lair:4)
  A human (Lair:4)
  A wight (D:8)
  23 fungi
  38 plants
  8 toadstools (Lair:1)
72 creatures vanquished.

Grand Total: 437 creatures vanquished

Notes
Turn   | Place    | Note
-------+----------+-------------------------------------------
     0 | D:1      | aardvark the Ghoul Ice Elementalist began the quest for the
                  | Orb.
     0 | D:1      | Reached XP level 1. HP: 14/14 MP: 2/2
    76 | D:1      | Reached XP level 2. HP: 13/20 MP: 3/3
   549 | D:1      | Reached skill level 1 in Unarmed Combat
   550 | D:1      | Reached XP level 3. HP: 25/26 MP: 0/4
  1491 | D:2      | Learned a level 3 spell: Frozen Ramparts
  1568 | D:2      | Found an ornate altar of the Wu Jian Council.
  1713 | D:2      | Reached skill level 5 in Ice Magic
  1713 | D:2      | Reached XP level 4. HP: 29/33 MP: 2/5
  3930 | D:3      | Reached skill level 1 in Shields
  4143 | D:3      | Reached XP level 5. HP: 38/38 MP: 6/6
  4392 | D:3      | Reached skill level 6 in Ice Magic
  4514 | D:3      | Learned a level 3 spell: Ozocubu's Armour
  4602 | D:2      | Became a worshipper of the Wu Jian Council
  5037 | D:4      | Got a clouded brass amulet
  5061 | D:4      | Reached XP level 6. HP: 41/45 MP: 7/7
  5089 | D:4      | Identified the amulet "Acyp" {Inacc Str+7 Int-4} (You found
                  | it on level 4 of the Dungeon)
  5118 | D:4      | Reached skill level 1 in Armour
  5945 | D:4      | Reached XP level 7. HP: 50/50 MP: 8/8
  6158 | D:4      | Found a shadowy altar of Dithmenos.
  6158 | D:4      | Found a hazy altar of Hepliaklqana.
  6160 | D:4      | Noticed a shadow
  6236 | D:5      | Entered Level 5 of the Dungeon
  6733 | D:5      | Found a staircase to the Ecumenical Temple.
  6760 | D:5      | Found Negidag's General Store.
  7397 | D:5      | Found a shimmering altar of Xom.
  7399 | D:5      | Found a blossoming altar of Fedhas.
  7399 | D:5      | Found a bloodstained altar of Trog.
  7401 | D:5      | Found a hide-covered altar of Uskayaw.
  7401 | D:5      | Found a glowing golden altar of the Shining One.
  7401 | D:5      | Found a bloodstained altar of Trog.
  7944 | D:6      | Reached XP level 8. HP: 45/57 MP: 9/9
  8232 | D:6      | Reached * piety under Wu Jian
  8325 | D:6      | Reached skill level 5 in Shields
  8478 | D:6      | Found a basalt altar of Yredelemnul.
  8860 | D:6      | Reached skill level 7 in Ice Magic
  9645 | D:6      | Found Ebuymiq's Distillery.
  9648 | D:6      | Bought a potion of degeneration for 12 gold pieces
  9771 | D:7      | Reached skill level 5 in Unarmed Combat
 10054 | D:7      | Reached XP level 9. HP: 47/62 MP: 10/10
 10059 | D:7      | Reached skill level 8 in Ice Magic
 10249 | D:7      | Learned a level 4 spell: Summon Ice Beast
 10427 | D:7      | Found Teogom's Weapon Boutique.
 10469 | D:7      | Noticed Maggie
 10680 | D:7      | Found a burning altar of Makhleb.
 10876 | D:8      | Reached skill level 1 in Summonings
 11139 | D:8      | Reached ** piety under Wu Jian
 11268 | D:8      | Found an ancient bone altar of Kikubaaqudgha.
 11291 | D:8      | Noticed a komodo dragon
 11304 | D:8      | Killed a komodo dragon
 11304 | D:8      | Reached skill level 9 in Ice Magic
 11775 | D:8      | Noticed a komodo dragon
 11783 | D:8      | Killed a komodo dragon
 11928 | D:8      | Found a staircase to the Lair.
 11979 | D:8      | Noticed a komodo dragon
 11993 | D:8      | Killed a komodo dragon
 11993 | D:8      | Reached skill level 10 in Ice Magic
 12233 | D:8      | Noticed an efreet
 12237 | D:8      | Killed an efreet
 12237 | D:8      | Reached XP level 10. HP: 28/69 MP: 11/11
 12505 | D:8      | Found Bazesmee's Antique Weapon Shoppe.
 12666 | D:9      | Reached skill level 11 in Ice Magic
 12667 | D:9      | Reached skill level 1 in Fighting
 12829 | D:9      | Noticed a three-headed hydra
 12835 | D:9      | Killed a one-headed hydra
 13031 | D:9      | Reached *** piety under Wu Jian
 13103 | D:9      | Reached skill level 5 in Summonings
 13314 | D:9      | Found a broken altar of Ashenzari.
 13338 | D:9      | Found an iron altar of Okawaru.
 13338 | D:9      | Found a radiant altar of Vehumet.
 13338 | D:9      | Found an opulent altar of Gozag.
 13550 | D:10     | Entered Level 10 of the Dungeon
 14094 | D:11     | Noticed Grum
 14097 | D:11     | Noticed a gargoyle
 14225 | D:11     | Found a gate leading to a gauntlet.
 14239 | Gauntlet | Entered a Gauntlet
 14239 | Gauntlet | Found a transporter.
 14239 | Gauntlet | Found a transporter.
 14239 | Gauntlet | Noticed a torpor snail
 14239 | Gauntlet | Noticed an elephant
 14239 | Gauntlet | Noticed an elephant
 14239 | Gauntlet | Noticed an elephant
 14239 | Gauntlet | Noticed an elephant
 14240 | Gauntlet | Found a transporter.
 14243 | Gauntlet | Found a transporter.
 14243 | Gauntlet | Found a transporter.
 14243 | Gauntlet | Found a transporter.
 14253 | Gauntlet | Found a transporter.
 14257 | Gauntlet | Found a transporter.
 14259 | Gauntlet | Noticed a blizzard demon
 14266 | Gauntlet | Found a transporter.
 14266 | Gauntlet | Found a transporter.
 14266 | Gauntlet | Noticed an ice statue
 14268 | Gauntlet | Found a transporter.
 14268 | Gauntlet | Found a transporter.
 14509 | D:11     | Noticed Harold
 14570 | D:10     | Killed Harold
 14570 | D:10     | Reached XP level 11. HP: 28/85 MP: 9/12
 14679 | D:11     | Noticed Fannar
 14821 | D:10     | Reached **** piety under Wu Jian
 15170 | D:10     | HP: 4/85 [Fannar/bolt of cold (10)]
 15987 | D:10     | Reached skill level 5 in Fighting
 16104 | D:10     | Noticed a skeletal warrior
 16104 | D:10     | Noticed a skeletal warrior
 16293 | Lair:1   | Entered Level 1 of the Lair of Beasts
 16317 | Lair:1   | Reached skill level 12 in Ice Magic
 17285 | Lair:1   | Noticed an eight-headed hydra
 17303 | Lair:1   | Killed an eight-headed hydra
 17671 | Lair:1   | Reached XP level 12. HP: 60/97 MP: 13/13
 17938 | Lair:1   | Noticed a catoblepas
 17960 | Lair:1   | Found a runed translucent door.
 19820 | Lair:3   | Got a dazzling chain mail
 19906 | Lair:2   | Identified the +11 chain mail "Damnable Contraption" {-Cast
                  | rElec rPois Int+2} (You found it on level 3 of the Lair of
                  | Beasts)
 20116 | Lair:3   | Noticed a catoblepas
 20135 | Lair:3   | Killed a catoblepas
 20182 | Lair:3   | Noticed a catoblepas
 20191 | Lair:3   | Found a staircase to the Swamp.
 20210 | Lair:3   | Killed a catoblepas
 20210 | Lair:3   | Reached skill level 13 in Ice Magic
 20559 | Lair:3   | Noticed a four-headed hydra
 20940 | Lair:3   | Noticed a seven-headed hydra
 20951 | Lair:3   | Killed a seven-headed hydra
 20951 | Lair:3   | Reached skill level 10 in Unarmed Combat
 20998 | Lair:3   | Killed a four-headed hydra
 22021 | Lair:4   | Noticed a seven-headed hydra
 22037 | Lair:4   | Killed a seven-headed hydra
 22235 | Lair:4   | Reached XP level 13. HP: 57/110 MP: 14/14
 22519 | Lair:4   | Found a hole to the Spider Nest.
 22696 | Lair:4   | Noticed Kirke
 22728 | Lair:4   | Killed Kirke
 23929 | Lair:5   | Reached skill level 14 in Ice Magic
 24003 | Lair:5   | Found a staircase to the Slime Pits.
 25153 | Lair:6   | Entered Level 6 of the Lair of Beasts
 25198 | Lair:5   | Mangled by a polar bear

Illustrated notes

Levels and vault maps discovered:
D:1:      wander_arrival_peaceful_grave, layout_loops_cross, minmay_lizard_pond
D:2:      layout_basic, nicolae_overflow_hidden_temple
D:3:      layout_loops_corners
D:4:      layout_loops_cross, riverfiend_overflow_shadow_ancestor
D:5:      layout_basic, doesnt_xom_only_xom, minmay_temple_entry_wispy,
          serial_shops, nicolae_shop_crystal
D:6:      layout_basic, serial_shops, kennysheep_mini, basic_altar,
          minmay_misc_feat_nine_boxes
D:7:      layout_layer_cave, kennysheep_mini_moat, serial_shops,
          nicolae_shop_waterfront, minmay_checkerbox, uniq_maggie
D:8:      layout_loops_ring, erik_lair_dragon, basic_altar, serial_shops,
          nicolae_shop_behind_doors
D:9:      kennysheep_blocky_hall, layout_rooms, lemuel_doored_altar,
          gammafunk_temple_overflow_forgotten, hangedman_ranch
          [blue_anna_fruit_fields]
D:10:     layout_basic, dk_vineyard_2
D:11:     layout_rooms, gauntlet_entry_generic, uniq_fannar, uniq_harold,
          uniq_grum, uniq_sonja
Lair:1:   gammafunk_lair_enchanted_lake, layout_loops_ring, grunt_megastairs_4
Lair:2:   layout_gridlike
Lair:3:   layout_hall_layers, swamp_mist
Lair:4:   layout_roguey, spider_nest_entry_webs, beast_lair_carwin_1,
          grunt_megastairs_5, uniq_kirke
Lair:5:   layout_long_grid, slime_dummy, lemuel_fruit_fields
Lair:6:   grunt_lair_end_beastmaster, layout_regular_city,
          portal_ice_cave_entry_pillars_1, uniq_urug

Skill      XL: |  1  2  3  4  5  6  7  8  9 10 11 12 13 |
---------------+----------------------------------------+-----
Dodging        | 2 |  2.4
Unarmed Combat | 1 5 7 9 10 11 | 11.4
Ice Magic      | 5 6 7 10 11 12 13 14 | 14.1
Shields        | 1 2 3 4 5 6 7 |  7.4
Armour         | 2 4 |  4.7
Summonings     | 4 5 7 8 |  8.2
Fighting       | 4 6 8 9 |  9.8
Stealth        | |  2.4
Spellcasting   | |  1.9

Action                   |  1- 3 |  4- 6 |  7- 9 | 10-12 | 13-15 || total
-------------------------+-------+-------+-------+-------+-------++-------
Melee: Unarmed           |    22 |    90 |   262 |   480 |   149 ||  1003
       Scimitar          |       |       |       |    31 |       ||    31
Throw: Dart              |    59 |    49 |    46 |    52 |     2 ||   208
 Cast: Freeze            |    41 |    59 |    56 |    54 |    26 ||   236
       Frozen Ramparts   |       |    10 |    18 |    59 |    19 ||   106
       Ozocubu's Armour  |       |     1 |     7 |       |       ||     8
       Summon Ice Beast  |       |       |       |    45 |    19 ||    64
Invok: Lunge             |       |     1 |    23 |    17 |     1 ||    42
       Whirlwind         |       |       |       |    72 |    14 ||    86
Evoke: Wand              |       |     1 |     9 |     6 |       ||    16
  Use: Scroll            |       |    10 |     5 |    11 |       ||    26
       Potion            |       |     1 |       |     6 |       ||     7
 Stab: Sleeping          |     1 |     1 |     8 |     4 |       ||    14
       Distracted        |       |       |       |     2 |     1 ||     3
Armor: Robe              |     9 |    10 |       |       |       ||    19
       Leather armour    |       |     2 |    29 |       |       ||    31
       Acid dragon scale |       |       |       |   133 |    42 ||   175
Dodge: Dodged            |    39 |    52 |   105 |   224 |    60 ||   480
Block: Other             |     7 |     3 |       |       |       ||    10
       Reflection        |     1 |     1 |       |     4 |     2 ||     8
       Buckler           |       |    45 |   121 |   194 |    64 ||   424
       Kite shield       |       |       |       |    84 |    42 ||   126
       Rpst.: Scimitar   |       |       |       |     6 |       ||     6

Table legend: (Time is in decaauts)
 A = Elapsed time spent in this place.
 B = Non-inter-level travel time spent in this place.
 C = Inter-level travel time spent in this place.
 D = Time resting spent in this place.
 E = Time spent auto-exploring this place.
 F = Levels seen in this place.
 G = Mean time per level.
                   A        B        C        D        E       F      G
               +--------+--------+--------+--------+--------+-----+--------+
         Total |  25206 |  23766 |   1440 |  10006 |   9406 |  18 | 1400.3 |
       Dungeon |  16537 |  15388 |   1149 |   5976 |   6685 |  11 | 1503.4 |
          Lair |   8415 |   8124 |    291 |   4030 |   2607 |   6 | 1402.5 |
      Gauntlet |    253 |    253 |      0 |      0 |    113 |   1 |  253.0 |
               +--------+--------+--------+--------+--------+-----+--------+

Top non-repeatable levels by time:
  Lair:4: 2216 daAuts
     D:8: 2190 daAuts
    D:10: 2163 daAuts
     D:2: 2086 daAuts
  Lair:1: 2063 daAuts
     D:5: 1820 daAuts
     D:6: 1757 daAuts
     D:3: 1684 daAuts
  Lair:2: 1503 daAuts
  Lair:3: 1349 daAuts
     D:1: 1341 daAuts
  Lair:5: 1273 daAuts
     D:4: 1246 daAuts
     D:7: 1094 daAuts
     D:9: 983 daAuts
